 Dungeon Crawl Stone Soup version 0.18-a0-1577-gf591c28 (webtiles) character file.

940278 4thArraOfDagon the Fencer (level 27, 0/246 HPs)
             Began as a Demigod Warper on Mar 18, 2016.
             Thrown by an iron giant (70 damage)
             ... on level 7 of the Iron City of Dis on Mar 19, 2016.
             The game lasted 06:44:41 (64483 turns).

4thArraOfDagon the Fencer (Demigod Warper)         Turns: 64483, Time: 06:44:42

Health: 0/246      AC: 28    Str: 17    XL:     27
Magic:  44/49      EV: 29    Int: 24    God:
Gold:   2363       SH: 25    Dex: 27    Spells: 11 memorised, 15 levels left

rFire  + + .     SeeInvis .     B - +8 demon blade (vamp)
rCold  + + +     Gourm    .     n - +6 ice dragon armour of Cueteg {rF- rC++ MR+ Slay+3}
rNeg   + . .     Faith    .     e - +2 shield of Resistance {rF+ rC+ MR+}
rPois  .         Spirit   .     (no helmet)
rElec  +         Dismiss  .     l - +0 cloak "Maaruath" {rF+ rCorr}
rCorr  +         Reflect  +     b - +2 pair of gloves {Dex+3}
SustAt +         Harm     .     m - +2 pair of boots {rC+}
MR     ++++.     Rnd*Tele +     R - brooch of Shielding {Reflect SH+8}
Stlth  ++........               N - ring of Fabruror {Fire *Contam rElec Str+4 Slay+2}
                                z - ring of Rearonko {rN+ Dex+2}

@: agile, very slightly contaminated, regenerating, repel missiles, incredibly
resistant to hostile enchantments, unstealthy
A: talons 1, thin metallic scales 1, blurry vision 1, clumsy 2, deformed body,
dopey 2, high mp 1, electricity resistance, teleportitis 1, weak 1, sustain
attributes, MP-powered wands
a: no special abilities
}: 10/15 runes: decaying, slimy, silver, golden, demonic, glowing, magical,
fiery, dark, gossamer


You were on level 7 of the Iron City of Dis.
You were not hungry.

You visited 14 branches of the dungeon, and saw 69 of its levels.
You visited Pandemonium 5 times, and saw 15 of its levels.
You visited the Abyss 4 times.
You visited 1 bazaar.
You visited 1 ziggurat, and saw 3 of its levels.
You also visited: Ice Cave.

You collected 7341 gold pieces.
You spent 4632 gold pieces at shops.

Inventory:

Hand Weapons
 g - a +2 eudemon blade of holy wrath
 B - a +8 vampiric demon blade (weapon)
Armour
 b - a +2 pair of gloves of dexterity (worn)
 e - the +2 shield of Resistance (worn) {rF+ rC+ MR+}
   (You took it off an ironheart preserver on level 5 of the Vaults)

   It protects you from fire.
   It protects you from cold.
   It affects your resistance to hostile enchantments.
 l - the +0 cloak "Maaruath" (worn) {rF+ rCorr}
   (You found it on level 5 of the Vaults)

   It protects you from fire.
   It protects you from acid and corrosion.
 m - a +2 pair of boots of cold resistance (worn)
 n - the +6 ice dragon armour of Cueteg (worn) {rF- rC++ MR+ Slay+3}
   (You bought it in a shop on level 12 of the Dungeon)

   It affects your accuracy and damage with ranged weapons and melee attacks
   (+3).
   It makes you vulnerable to fire.
   It greatly protects you from cold.
   It affects your resistance to hostile enchantments.
 q - the +0 helmet of Resourcefulness {rPois Str+5 Int+4}
   (You bought it in a shop on level 12 of the Dungeon)

   It affects your strength (+5).
   It affects your intelligence (+4).
   It protects you from poison.
Jewellery
 z - the ring of Rearonko (left hand) {rN+ Dex+2}
   (You found it on level 3 of the Realm of Zot)

   [ring of positive energy]

   It affects your dexterity (+2).
   It protects you from negative energy.
 N - the ring of Fabruror (right hand) {Fire *Contam rElec Str+4 Slay+2}
   (You took it off an ironheart preserver on level 5 of the Vaults)

   [ring of fire]

   It enhances your fire magic, and weakens your ice magic.
   It affects your strength (+4).
   It affects your accuracy and damage with ranged weapons and melee attacks
   (+2).
   It protects you from fire.
   It makes you vulnerable to cold.
   It insulates you from electricity.
   It causes magical contamination when unequipped.
 R - the brooch of Shielding (around neck) {Reflect SH+8}
   (You bought it in a shop on level 6 of the Dungeon)

   [amulet of reflection]

   It shields you and reflects attacks.
   It affects your SH (+8).
 T - an uncursed ring of positive energy
Wands
 p - a wand of teleportation (5/9)
 r - a wand of disintegration (1/24)
 H - a wand of digging (7/24)
 L - a wand of teleportation (3/9)
 V - a wand of hasting (4/9)
Scrolls
 h - 5 scrolls of identify
 o - 11 scrolls of remove curse
 t - a scroll of teleportation
 C - a scroll of holy word
 D - a scroll of magic mapping
 G - 3 scrolls of fog
 M - 2 scrolls of blinking
 P - 4 scrolls of summoning
Potions
 a - 4 potions of might
 j - 5 potions of resistance
 k - 5 potions of berserk rage
 s - 5 potions of brilliance
 u - 7 potions of flight
 v - 3 potions of haste
 x - 7 potions of agility
 A - 7 potions of ambrosia
 F - 15 potions of curing
 Q - 3 potions of invisibility
 S - a potion of cancellation
 X - 4 potions of heal wounds
 Y - 4 potions of magic
Miscellaneous
 i - a figurine of a ziggurat
 w - a box of beasts
 y - a phial of floods (inert)
 E - a fan of gales
 I - a sack of spiders
 J - a sack of spiders {used: 2}
 K - 3 phantom mirrors
 O - an ornate deck of summoning {the Crusade, drawn: 3}
 U - a lamp of fire (inert)
 Z - a box of beasts
Comestibles
 c - 20 meat rations
 f - 16 bread rations


   Skills:
 - Level 20.0 Fighting
 - Level 20.0 Long Blades
   Level 4.9 Polearms
 - Level 0.8 Throwing
 - Level 16.3 Armour
 - Level 15.2 Dodging
 - Level 16.0 Shields
 * Level 16.2 Spellcasting
 - Level 11.9 Hexes
 - Level 16.5 Charms
 - Level 12.0 Necromancy
 - Level 19.0 Translocations
 - Level 5.3 Air Magic
 - Level 7.1 Evocations


You had 15 spell levels left.
You knew the following spells:

 Your Spells              Type           Power        Failure   Level  Hunger
a - Apportation           Tloc           #######...   0%          1    None
b - Blink                 Tloc           N/A          0%          2    None
c - Passage of Golubria   Tloc           N/A          1%          4    None
d - Silence               Hex/Air        ######....   8%          5    #......
e - Haste                 Chrm           #######.     1%          6    ####...
f - Swiftness             Chrm/Air       ######..     1%          2    None
g - Regeneration          Chrm/Necr      ######....   1%          3    None
h - Controlled Blink      Tloc           N/A          21%         8    #######
i - Sublimation of Blood  Necr           ######....   1%          2    None
j - Repel Missiles        Chrm/Air       ######       1%          2    None
k - Death's Door          Chrm/Necr      ######....   98%         8    #######


Dungeon Overview and Level Annotations

Branches:
Dungeon (15/15)            Temple (0/1) D:5            Lair (8/8) D:10
  Swamp (4/4) Lair:3       Spider (4/4) Lair:4        Slime (6/6) Lair:8
    Orc (2/2) D:11            Elf (3/3) Orc:2        Vaults (5/5) D:13
  Crypt (3/3) Vaults:2       Tomb (3/3) Crypt:3      Depths (5/5) D:15
   Hell (1/1)                 Dis (7/7) Hell            Zot (5/5) Depths:5
    Geh: Hell:1         Coc: Hell:1         Tar: Hell:1

Shops:
D:6 [:=%   D:9 :   D:12 [:[   Orc:1 %   Orc:2 %(*%   Vaults:1 %   Vaults:4 *:[(
Depths:1 %}(

Portals:
Hell: Depths:2 Depths:3 Depths:5
Abyss: Depths:4 Depths:5
Pandemonium: Depths:3 Depths:4
Trove: Elf:3 (give +6 demon trident)

Annotations:
D:3 4thArraOfDagon's ghost, weakling NaSu
D:4 Uhlv's ghost, novice GrFi
D:8 Grum
D:12 exclusion: obsidian statue
D:14 Maud
Spider:4 Mara
Slime:5 exclusion: upstairs
Depths:2 PAN
Hell Geryon


Innate Abilities, Weirdness & Mutations

You have an increased reservoir of magic (+10% MP).
Your attributes are resistant to harm.
You have sharp toenails.
You are partially covered in thin metallic scales (AC +2).
Scrolls take you a little longer to read.
You are very clumsy. (Dex -4)
Armour fits poorly on your strangely shaped body.
You are very dopey. (Int -4)
You are resistant to electric shocks.
You are occasionally teleported next to monsters.
You are weak. (Str -2)
You expend magic power (3 MP) to strengthen your wands.


Message History

Unknown command.
Drink which item? (? for menu, Esc to quit)
You feel agile all of a sudden.
The fire dragon zombie is engulfed in roaring flames.
The iron giant is engulfed in roaring flames.
Your fire elemental hits the iron dragon.
Your fire elemental burns the iron dragon!
The iron dragon resists.
The iron dragon is engulfed in roaring flames.
You hit the iron giant but do no damage.
The iron giant is severely wounded.
You feel yourself slow down.
Unknown command.
Unknown command.
You hit the iron giant.
The iron giant is severely wounded.
The iron dragon is engulfed in roaring flames.
The iron giant is engulfed in roaring flames.
The iron giant throws you!
You die...

#..#.# #..#.#
#..'†# # ####.#
#.##+##....#
#......§...###+###.
#......§...........
#.....E§...........
##+##C@D..........
#D###'##.##### #Z#
...#.# #§#....#.#
#C#....# + #.#....#
###


You could see 2 iron giants, 2 iron dragons, a fire dragon zombie and a friendly
fire elemental.

Vanquished Creatures
  the Royal Jelly (Slime:6)
  Mennas (Pan)
  4 ancient liches
  2 pandemonium lords (Pan)
  3 juggernauts
  Sojobo (Vaults:1)
  36 greater mummies
  The ghost of Pikaro the Phalangite, a veteran OgWn of Zin (Depths:4)
  3 iron giants
  Norris (Spider:4)
  3 Killer Klowns
  8 golden dragons
  4 caustic shrikes
  2 profane servitors
  the Enchantress (Depths:3)
  6 bone dragons
  An electric golem (Zot:4)
  12 tentacled monstrosities
  A hellephant (Abyss:1)
  2 Brimstone Fiends (Pan)
  Jorgrun (Depths:1)
  2 Hell Sentinels
  An Ice Fiend (Dis:7)
  8 liches
  A deep elf master archer (Elf:3)
  7 titans
  4 quicksilver dragons
  Asterion (Depths:1)
  2 deep elf blademasters (Elf:3)
  7 Orb Guardians (Zot:5)
  2 eldritch tentacles
  3 tentacled starspawn (Abyss:1)
  17 acid blobs
  15 sphinxes
  15 Executioners (Pan)
  Gastronok (Lair:3)
  5 ancient champions
  8 storm dragons
  12 tengu reavers
  A thorn hunter (Swamp:2)
  6 shadow dragons
  3 draconian monks
  5 death cobs
  3 revenants
  5 azure jellies
  Wiglaf (Depths:3)
  15 fire giants
  9 deep elf sorcerers
  11 vault wardens
  5 ghost moths
  2 draconian knights
  2 orc warlords (Orc:2)
  4 blood saints (Pan)
  4 curse skulls
  4 draconian zealots
  12 balrugs (Pan)
  2 draconian scorchers (Zot:1)
  5 draconian shifters
  5 iron dragons
  A warmonger (Pan)
  15 frost giants
  A spectral juggernaut (Depths:1)
  15 cacodemons
  4 emperor scorpions
  3 deep elf elementalists (Elf:3)
  6 reapers
  13 ironheart preservers
  5 spriggan defenders
  15 ghouls
  9 very ugly things
  5 draconian annihilators
  3 war gargoyles
  24 stone giants
  A corrupter (Pan)
  9 green draconians
  3 draconian callers
  3 salamander stormcallers (Vaults:5)
  6 deep elf demonologists
  An ophan (Abyss:1)
  4 vampire knights (Crypt:1)
  9 deep elf annihilators
  A chaos champion (Pan)
  3 lorocyprocas (Pan)
  4 spark wasps
  12 red draconians
  8 bennus
  5 purple draconians
  4 mottled draconians
  8 yellow draconians
  12 black draconians
  A spark wasp (shapeshifter) (Depths:5)
  3 white draconians
  An ettin (shapeshifter) (Vaults:5)
  9 eidola
  5 blizzard demons (Pan)
  8 deep elf death magi
  24 ettins
  6 green deaths
  24 vault guards (Vaults:4)
  7 great orbs of eyes
  25 mummy priests
  7 jiangshi
  11 death oozes (Slime:6)
  19 yaktaur captains
  7 crystal guardians (Elf:3)
  16 fire dragons
  9 deep elf high priests
  103 slime creatures
  3 quicksilver dragon zombies
  5 rakshasas
  14 ice dragons
  4 monstrous demonspawn (Pan)
  2 hydras (Swamp:4)
  An entropy weaver (Spider:2)
  A spectral fire giant (Depths:1)
  A hell beast (Depths:2)
  8 spriggan air magi
  A catoblepas (Lair:8)
  13 ogre magi
  7 centaur warriors
  6 death knights
  5 orc high priests
  6 tengu warriors
  The ghost of crauler the Spear-Bearer, a journeyman TeGl of Zin (Orc:2)
  An anaconda (Tomb:3)
  2 alligators
  4 deep troll earth magi (Depths:3)
  An alligator (shapeshifter) (Vaults:3)
  10 death yaks (Lair:8)
  10 dancing weapons
  7 deep troll shamans
  A hell hog (Dis:2)
  3 titan zombies
  16 small abominations
  7 vampire magi
  5 thrashing horrors
  6 spriggan berserkers
  18 deep elf knights
  2 fire crabs
  Urug (Lair:2)
  2 wretched stars
  11 soul eaters
  16 sun demons (Pan)
  7 shadow wraiths
  A titan skeleton (Pan)
  2 hell knights
  An iron golem (Dis:7)
  48 skeletal warriors
  A spectral emperor scorpion (Spider:4)
  5 unseen horrors
  2 golden dragon zombies (Crypt:3)
  10 iron trolls
  84 death scarabs
  22 deep trolls
  A ghost moth zombie (Dis:7)
  A gelid demonspawn (Pan)
  3 anaconda zombies
  9 deep elf archers
  3 infernal demonspawn
  21 large abominations
  22 phantasmal warriors
  4 starcursed masses (Abyss:1)
  A putrid demonspawn (Pan)
  11 flayed ghosts
  4 giant orange brains
  5 hill giants
  5 torturous demonspawn (Pan)
  A shadow demon (Pan)
  7 swamp dragons
  A harpy (shapeshifter) (Vaults:2)
  25 anubis guards
  An anubis guard (shapeshifter) (Vaults:1)
  13 ironbrand convokers
  9 orc knights
  7 wizards
  A lindwurm (Lair:8)
  Pikel (D:7)
  2 shadow dragon zombies (Crypt:3)
  An orange crystal statue (Depths:3)
  A sphinx zombie (Depths:1)
  2 spectral wolf spiders (Spider:4)
  An anaconda skeleton (Dis:7)
  A frost giant zombie (D:15)
  4 necromancers
  3 wolf spider zombies (Spider:4)
  2 fire giant zombies
  7 orc sorcerers
  38 ugly things
  A shining eye (shapeshifter) (Depths:4)
  10 hornets
  12 orb spiders
  A shadow dragon skeleton (Tomb:1)
  23 wolf spiders
  8 shining eyes
  8 griffons
  5 cyclopes
  An iron dragon zombie (Dis:7)
  A sphinx skeleton (Depths:1)
  17 moths of wrath
  An elephant (shapeshifter) (Depths:4)
  55 deep elf magi
  17 sixfirhies (Pan)
  A moth of wrath (shapeshifter) (Vaults:5)
  2 stone giant skeletons
  Joseph (D:8)
  2 shock serpent zombies
  Psyche (D:9)
  2 fire giant skeletons
  3 frost giant skeletons
  Maurice (D:8)
  7 elephants
  2 octopodes (shapeshifter)
  17 vault sentinels
  2 ice statues (IceCv)
  A titan simulacrum (Tomb:3)
  10 rust devils
  6 black mambas
  A torpor snail (Spider:1)
  3 dire elephant zombies
  An eye of devastation (Slime:6)
  10 smoke demons
  12 spiny frogs
  13 orange demons
  2 gargoyles
  A centaur skeleton (D:15)
  A spiny frog (shapeshifter) (Depths:5)
  35 yaktaurs
  A catoblepas zombie (Tomb:3)
  5 komodo dragons
  A kobold demonologist (D:13)
  2 hellions
  2 redback zombies (Spider:4)
  11 demonic crawlers
  8 freezing wraiths
  2 rime drakes
  6 tormentors
  11 ice devils
  A komodo dragon (shapeshifter) (Depths:5)
  3 spectral redbacks (Spider:4)
  An efreet (Dis:2)
  A spectral glowing shapeshifter (Depths:1)
  5 hellwings (Pan)
  3 hydra zombies
  2 spriggan druids
  5 red devils
  An ancient zyme (Abyss:1)
  3 tengu conjurers
  A jumping spider (shapeshifter) (Elf:1)
  33 guardian mummies
  A merfolk (Elf:3)
  A catoblepas skeleton (Tomb:2)
  29 jumping spiders
  3 polar bears (Lair:6)
  9 trolls
  A golden dragon simulacrum (Depths:1)
  3 spectral hornets (Spider:4)
  A tengu simulacrum (Depths:1)
  22 two-headed ogres
  21 ushabtiu
  A hydra skeleton (Pan)
  A polar bear (shapeshifter) (Vaults:5)
  14 blink frogs
  2 spectral jumping spiders (Spider:4)
  2 spectral tarantellas (Spider:4)
  A tarantella zombie (Spider:4)
  An ice dragon zombie (Dis:3)
  A two-headed ogre (shapeshifter) (Depths:5)
  5 bog bodies
  5 boulder beetles
  4 ettin zombies
  A jumping spider zombie (Spider:4)
  A fire giant simulacrum (Tomb:3)
  2 fire dragon zombies (Crypt:3)
  4 raiju
  A deep troll zombie (D:15)
  2 alligator zombies (Crypt:3)
  21 tarantellas
  Sigmund (D:2)
  52 redbacks
  26 flying skulls
  6 shadows
  17 water elementals
  3 spriggans (shapeshifter)
  4 spriggans
  3 ynoxinuls
  2 black mamba zombies
  6 air elementals
  A human (D:7)
  2 vampires (D:15)
  A yak (shapeshifter) (Vaults:2)
  39 yaks
  2 wyverns
  7 wraiths
  A tarantella (shapeshifter) (Vaults:5)
  7 fire elementals
  A golden eye (shapeshifter) (Vaults:4)
  A hill giant zombie (Crypt:2)
  11 golden eyes
  A basilisk (Lair:7)
  9 hippogriffs
  A basilisk (shapeshifter) (Depths:5)
  15 chaos spawn
  5 hungry ghosts
  15 neqoxecs
  2 human simulacra
  An elf simulacrum (Depths:1)
  25 vampire mosquitoes
  10 wargs
  4 mottled dragons
  A redback simulacrum (D:15)
  6 swamp worms
  An emperor scorpion simulacrum (Crypt:1)
  6 insubstantial wisps
  A water moccasin (shapeshifter) (Vaults:3)
  A hell hound (shapeshifter) (Vaults:4)
  2 spiny frog zombies
  12 water moccasins
  52 orc warriors
  A sky beast (D:6)
  6 porcupines
  A putrid demonspawn skeleton (Crypt:1)
  2 black bears (Lair:8)
  A slave (D:7)
  11 ice beasts
  3 phantoms
  2 snapping turtle zombies
  A swamp drake (Swamp:4)
  12 wasps
  10 eyes of draining
  22 necrophages
  An ettin simulacrum (Vaults:4)
  52 ogres
  A spriggan simulacrum (Depths:1)
  17 wolves
  2 wolves (shapeshifter) (Vaults:5)
  A boggart (Vaults:2)
  10 centaurs
  8 crocodiles
  4 big kobolds
  16 giant frogs
  A gnoll sergeant (D:8)
  5 earth elementals
  A komodo dragon skeleton (Crypt:2)
  A wyvern zombie (D:8)
  11 wyvern skeletons (Crypt:3)
  A troll zombie (Dis:7)
  4 scorpions
  A boulder beetle zombie (Crypt:1)
  42 killer bees
  An orc simulacrum (Vaults:1)
  3 howler monkeys
  25 wights
  9 electric eels
  9 crimson imps
  A lava snake (D:10)
  3 centaur zombies
  4 quasits
  4 hounds
  36 jellies
  4 iron imps
  39 orc priests
  A soldier ant zombie (Crypt:2)
  2 giant frog skeletons
  11 iguanas
  Terence (D:1)
  Natasha (thrice) (D:2)
  32 orc wizards
  23 worker ants
  14 sheep
  A big kobold zombie (Crypt:1)
  A felid zombie (Crypt:1)
  An ogre zombie (Abyss:2)
  A tengu skeleton (Crypt:2)
  2 hound zombies
  A hound skeleton (D:4)
  58 mummies
  A worker ant zombie (D:6)
  Robin (D:2)
  11 adders
  11 gnolls
  33 river rats
  A steam dragon zombie (Crypt:1)
  A shadow imp (Depths:3)
  9 white imps
  A giant eyeball (Pan)
  11 ufetubi
  4 oozes
  A halfling zombie (Crypt:1)
  2 adder skeletons
  An adder zombie (Crypt:1)
  3 worms
  3 dart slugs
  7 giant geckos
  166 orcs
  3 giant cockroaches
  23 goblins
  16 hobgoblins
  11 jackals
  24 kobolds
  6 quokkas
  A ball python (D:5)
  2 bats (D:1)
  A giant gecko skeleton (D:6)
  6 giant newts
  A quokka skeleton (D:6)
  6 rats
  3 crawling corpses
  2 fungi (Lair:6)
  A lost soul (Crypt:3)
  2 withered plants (Crypt:3)
3252 creatures vanquished.

Vanquished Creatures (collateral kills)
  2 acid blobs (Slime:6)
  3 azure jellies (Slime:6)
  A deep elf sorcerer (Elf:3)
  A deep elf annihilator (Elf:3)
  3 crystal guardians (Elf:3)
  A death ooze (Slime:6)
  2 hydras
  An orc high priest (Orc:2)
  A hungry ghost (Depths:1)
15 creatures vanquished.

Vanquished Creatures (others)
  A lich (Tomb:1)
  An eldritch tentacle (Pan)
  A tengu reaver (Vaults:5)
  A revenant (Tomb:1)
  2 vault wardens
  A frost giant (Depths:3)
  A draconian scorcher (Zot:1)
  An ironheart preserver (Vaults:5)
  A draconian annihilator (Zot:3)
  2 ettins
  2 deep elf high priests
  An entropy weaver (Spider:4)
  3 yaktaur captains
  A spriggan air mage (Depths:3)
  An ogre mage (Vaults:4)
  2 soul eaters (Pan)
  7 death scarabs
  A hell knight (Depths:5)
  A large abomination (Pan)
  An infernal demonspawn (Pan)
  2 deep elf archers
  A lindwurm (Lair:8)
  3 deep elf magi
  A cyclops (Vaults:2)
  A fire giant skeleton (Tomb:2)
  A torpor snail (Spider:3)
  An orange demon (Pan)
  10 yaktaurs
  2 hellwings (Pan)
  A queen bee (shapeshifter) (Depths:4)
  2 two-headed ogres (Vaults:4)
  An ushabti (Tomb:1)
  An ettin zombie (Vaults:4)
  A tarantella (Spider:4)
  A chaos spawn (Pan)
  A warg (Vaults:2)
  2 nagas
  A slave (D:7)
  2 ogres (Vaults:4)
  2 centaurs (D:10)
  A jelly (D:6)
  An iguana (D:7)
  An orc wizard (D:10)
  A mummy (Tomb:1)
  3 river rats (Lair:3)
  A giant eyeball (Pan)
  3 ufetubi (IceCv)
  5 ball lightnings
  An orc (D:11)
  A crawling corpse (Vaults:5)
  273 eldritch tentacle segments
  A fire vortex (Vaults:5)
  11 fungi
  7 lost souls
  12 plants
  4 starspawn tentacles (Abyss:1)
  8 starspawn tentacle segments (Abyss:1)
  23 withered plants
426 creatures vanquished.

Grand Total: 3693 creatures vanquished

Notes
Turn   | Place    | Note
--------------------------------------------------------------
     0 | D:1      | 4thArraOfDagon the Demigod Warper began the quest for the Orb.
     0 | D:1      | Reached XP level 1. HP: 17/17 MP: 5/5
     0 | D:1      | jacquesderrida: gawd
     0 | D:1      | 4thArraOfDagon: teeach me techniques of Slovinski
    29 | D:2      | Noticed Robin
    41 | D:1      | jacquesderrida: First of all, you need to sew a tracksuit
    44 | D:1      | Reached skill level 1 in Armour
    88 | D:1      | jacquesderrida: Everything else is up to creative freedom!
   223 | D:1      | Reached XP level 2. HP: 19/24 MP: 7/7
   345 | D:1      | Learned a level 2 spell: Blink
   534 | D:1      | Found a glowing golden altar of the Shining One.
   714 | D:1      | 4thArraOfDagon: mmhmm
   714 | D:1      | 4thArraOfDagon: i will try
   714 | D:1      | 4thArraOfDagon: i will try good jd
   861 | D:1      | Reached XP level 3. HP: 30/30 MP: 8/8
   930 | D:2      | Found a shattered altar of Ashenzari.
   930 | D:2      | Noticed Terence
   989 | D:2      | Noticed Natasha
  1083 | D:2      | jacquesderrida: I am setting you on track
  1096 | D:2      | Noticed Sigmund
  1098 | D:2      | 4thArraOfDagon: i have to surpass
  1098 | D:2      | 4thArraOfDagon: all the obstacles
  1098 | D:2      | 4thArraOfDagon: and stumbling blocks
  1098 | D:2      | 4thArraOfDagon: like FKIN LAGS
  1144 | D:1      | Killed Terence
  1151 | D:1      | Reached XP level 4. HP: 23/37 MP: 9/9
  1249 | D:2      | jacquesderrida: pokir
  1295 | D:2      | Killed Natasha
  1363 | D:2      | Killed Robin
  1400 | D:2      | Noticed Natasha
  1453 | D:2      | 4thArraOfDagon: servant of life and death
  1453 | D:2      | 4thArraOfDagon: hows that nice
  1453 | D:2      | 4thArraOfDagon: :(
  1638 | D:3      | jacquesderrida: sigmeier
  1811 | D:3      | Reached XP level 5. HP: 30/44 MP: 10/10
  1865 | D:3      | Noticed 4thArraOfDagon's ghost (weakling NaSu)
  1950 | D:2      | Killed Sigmund
  1950 | D:2      | Reached XP level 6. HP: 26/51 MP: 11/11
  1993 | D:2      | Found a basalt altar of Yredelemnul.
  2050 | D:2      | Killed Natasha
  2060 | D:2      | Noticed Natasha
  2071 | D:2      | Killed Natasha
  2191 | D:3      | Found an ancient bone altar of Kikubaaqudgha.
  2575 | D:5      | Entered Level 5 of the Dungeon
  2575 | D:5      | Found a staircase to the Ecumenical Temple.
  2725 | D:4      | Noticed Uhlv's ghost (novice GrFi)
  2884 | D:4      | Learned a level 4 spell: Passage of Golubria
  2963 | D:4      | Reached skill level 1 in Long Blades
  3339 | D:4      | Reached XP level 7. HP: 57/57 MP: 12/12
  3503 | D:5      | Found an opulent altar of Gozag.
  4184 | D:6      | Found Digeirr's Antique Armour Boutique.
  4189 | D:6      | Bought a runed scale mail for 92 gold pieces
  4201 | D:6      | Found Kydyhyle's Book Emporium.
  4301 | D:6      | Found a deep blue altar of Sif Muna.
  4301 | D:6      | Found a snail-covered altar of Cheibriados.
  4301 | D:6      | Found a stormy altar of Qazlal.
  4328 | D:6      | Reached skill level 5 in Long Blades
  4360 | D:6      | Reached XP level 8. HP: 53/66 MP: 13/13
  4408 | D:6      | Found a glowing silver altar of Zin.
  4512 | D:6      | Found Erogoc's Food Boutique.
  4582 | D:6      | Found Dyr Imy's Jewellery Shop.
  4585 | D:6      | 4thArraOfDagon: very cheap and good jew shop
  4585 | D:6      | 4thArraOfDagon: thank you J
  4794 | D:6      | Found a radiant altar of Vehumet.
  4884 | D:6      | jacquesderrida: JD
  5070 | D:7      | jacquesderrida: Jewish Dispensary
  5377 | D:7      | Reached skill level 5 in Fighting
  5399 | D:7      | Found a shimmering altar of Xom.
  5692 | D:7      | Found a burning altar of Makhleb.
  5695 | D:7      | Found a shadowy altar of Dithmenos.
  5704 | D:7      | Found an opulent altar of Gozag.
  5705 | D:7      | Found a sacrificial altar of Ru.
  5748 | D:7      | Noticed Pikel
  5776 | D:7      | Killed Pikel
  5776 | D:7      | Reached XP level 9. HP: 30/74 MP: 14/14
  5824 | D:7      | Reached skill level 5 in Armour
  6203 | D:8      | Noticed Maurice
  6210 | D:8      | Killed Maurice
  6317 | D:8      | Noticed Joseph
  6339 | D:8      | Killed Joseph
  6339 | D:8      | Reached skill level 5 in Dodging
  6390 | D:8      | Noticed Grum
  6451 | D:8      | Reached XP level 10. HP: 42/84 MP: 15/15
  6468 | D:8      | Paralysed by fainting for 10 turns
  6939 | D:8      | Reached skill level 1 in Evocations
  7125 | D:9      | Found a roughly hewn altar of Beogh.
  7360 | D:9      | Noticed Psyche
  7366 | D:9      | Killed Psyche
  7572 | D:9      | Found Sujef's Book Boutique.
  7686 | D:10     | Entered Level 10 of the Dungeon
  7800 | D:6      | Bought the brooch of Shielding {Reflect SH+8} for 320 gold pieces
  7800 | D:6      | Bought an uncursed ring of resist corrosion for 200 gold pieces
  7864 | D:10     | Noticed a hill giant
  7876 | D:10     | Killed a hill giant
  7879 | D:10     | Noticed a hill giant
  7893 | D:10     | Killed a hill giant
  7920 | D:10     | Reached XP level 11. HP: 38/92 MP: 17/17
  8029 | D:10     | Noticed a centaur warrior
  8039 | D:10     | Killed a centaur warrior
  8039 | D:10     | Reached skill level 10 in Long Blades
  8258 | D:10     | Noticed a hill giant
  8258 | D:10     | Found a staircase to the Lair.
  8267 | D:10     | Killed a hill giant
  8457 | D:11     | Learned a level 5 spell: Silence
  8540 | D:11     | Noticed a skeletal warrior
  8540 | D:11     | Noticed a skeletal warrior
  8540 | D:11     | Noticed a skeletal warrior
  8560 | D:12     | Found Gawocs's Book Emporium.
  8579 | D:12     | Found Qicixumn's Antique Armour Boutique.
  8768 | D:12     | Found Jibbodaw's Armour Boutique.
  8917 | D:12     | Identified a scroll of acquirement
  8941 | D:12     | Bought the +0 helmet of Resourcefulness {rPois Str+5 Int+4} for 519 gold pieces
  9166 | D:11     | Found a staircase to the Orcish Mines.
  9723 | D:12     | Noticed an obsidian statue
  9835 | D:13     | Noticed an ogre mage
  9884 | D:13     | Killed an ogre mage
  9906 | D:13     | Noticed a deep elf knight
  9930 | D:13     | Killed a deep elf knight
 10116 | D:13     | Reached XP level 12. HP: 84/102 MP: 20/20
 10173 | D:13     | Noticed a centaur warrior
 10176 | D:13     | jacquesderrida: karvr
 10189 | D:13     | Killed a centaur warrior
 10189 | D:13     | Reached skill level 5 in Evocations
 10201 | D:13     | Found a gate to the Vaults.
 10551 | D:14     | Noticed a centaur warrior
 10563 | D:14     | Killed a centaur warrior
 10564 | D:14     | Noticed a four-headed hydra
 10577 | D:14     | Killed a four-headed hydra
 10711 | D:14     | Noticed Maud
 10715 | D:15     | Entered Level 15 of the Dungeon
 10928 | D:15     | Learned a level 6 spell: Haste
 10943 | D:15     | jacquesderrida: The memes are in
 11199 | D:15     | Noticed an ogre mage
 11217 | D:15     | Killed an ogre mage
 11492 | D:15     | Found a staircase to the Depths.
 11594 | D:15     | jacquesderrida: You are covered in liquid meme
 11627 | D:15     | Reached XP level 13. HP: 71/111 MP: 24/24
 11711 | D:15     | 4thArraOfDagon: :S
 11786 | D:15     | 4thArraOfDagon: meme flood :()
 11786 | D:15     | 4thArraOfDagon: need maintenance mode set for this
 11786 | D:15     | 4thArraOfDagon: or ill drown
 11786 | D:15     | 4thArraOfDagon: and die
 11786 | D:15     | 4thArraOfDagon: foreVA!
 12160 | Orc:1    | Entered Level 1 of the Orcish Mines
 12163 | Orc:1    | Reached skill level 5 in Spellcasting
 12315 | Orc:1    | Found Hoqawnypn's Food Shop.
 12528 | Orc:2    | Entered Level 2 of the Orcish Mines
 12845 | Orc:2    | Noticed crauler's ghost (journeyman TeGl)
 12861 | Orc:2    | Killed crauler's ghost
 13010 | Orc:2    | Found a roughly hewn altar of Beogh.
 13147 | Orc:2    | Found Few Paus's Food Boutique.
 13167 | Orc:2    | Found Ineot's General Store.
 13168 | Orc:2    | Noticed an orc warlord
 13194 | Orc:2    | Killed an orc warlord
 13499 | Orc:2    | Found a staircase to the Elven Halls.
 13699 | Orc:2    | Noticed an orc warlord
 13725 | Orc:2    | Killed an orc warlord
 13790 | Orc:2    | jacquesderrida: Orcish Memes
 13792 | Orc:2    | Found a roughly hewn altar of Beogh.
 13799 | Orc:2    | jacquesderrida: :3
 13973 | Orc:2    | Found Oneesakh's Food Boutique.
 14076 | Orc:2    | Found Adwuyp's Weapon Shoppe.
 14090 | Orc:2    | manon: a newbie question: Why use "swing at nothing" instead of waiting (key 5?)
 14369 | Lair:1   | Entered Level 1 of the Lair of Beasts
 14370 | Lair:1   | 4thArraOfDagon: hi
 14370 | Lair:1   | 4thArraOfDagon: its because
 14370 | Lair:1   | manon: hi :-)
 14370 | Lair:1   | 4thArraOfDagon: time-space encompassing
 14370 | Lair:1   | 4thArraOfDagon: jk, but yeah its related to relativity between the game and real time
 14370 | Lair:1   | 4thArraOfDagon: inside the game time flows diferently
 14370 | Lair:1   | manon: *nods*
 14370 | Lair:1   | 4thArraOfDagon: (shown as AUT turns in brackets)
 14370 | Lair:1   | manon: so it is better to swing at nothing than to plain wait?
 14370 | Lair:1   | manon: and I notice you change to a scroll (anything but your weapin)
 14370 | Lair:1   | 4thArraOfDagon: so doing things which consume more time than pushing buttton ( like swinging which takes 1.5 turns) causes you regen 50% faster
 14370 | Lair:1   | manon: aha!
 14370 | Lair:1   | 4thArraOfDagon: yea
 14370 | Lair:1   | 4thArraOfDagon: regen is based on aut turns
 14370 | Lair:1   | 4thArraOfDagon: so
 14370 | Lair:1   | 4thArraOfDagon: its best to walk on water or swing with heavy weapons
 14370 | Lair:1   | 4thArraOfDagon: if you want to regen
 14370 | Lair:1   | 4thArraOfDagon: in empty space
 14376 | Lair:1   | manon: I will remember
 14391 | Lair:1   | manon: :-)
 14416 | Lair:1   | 4thArraOfDagon: i know its stupid but yeah...
 14416 | Lair:1   | 4thArraOfDagon: thats how it goes
 14435 | Lair:1   | manon: :-)
 14689 | Lair:2   | Noticed Urug
 14716 | Lair:2   | Killed Urug
 14716 | Lair:2   | Reached skill level 10 in Fighting
 14716 | Lair:2   | Reached XP level 14. HP: 113/121 MP: 27/27
 14717 | Lair:2   | manon: Will use my new knowledge in Dis (Cocytus was fairly hard)
 14741 | Lair:2   | 4thArraOfDagon: yeah well its good tactic to save turns only
 14741 | Lair:2   | 4thArraOfDagon: because every action is pretty much based on AUT turns
 14741 | Lair:2   | 4thArraOfDagon: like monsters moving/attack you/hell effects etc
 14741 | Lair:2   | 4thArraOfDagon: so you can expect just better scores by using this
 14741 | Lair:2   | 4thArraOfDagon: less turns=better score
 14741 | Lair:2   | 4thArraOfDagon: :)
 14874 | Lair:3   | Reached skill level 10 in Armour
 14880 | Lair:3   | Noticed Gastronok
 14895 | Lair:3   | Killed Gastronok
 14897 | Lair:3   | manon: aha. Im enjoying plaing in Hell for the moment. Challenging :-)
 14919 | Lair:3   | 4thArraOfDagon: first time in hell?
 14944 | Lair:3   | Found a staircase to the Swamp.
 15090 | Lair:3   | Found a frozen archway.
 15135 | IceCv    | Entered an ice cave
 15138 | IceCv    | manon: second time The first time I got a bit over confident...
 15592 | Lair:4   | Learned a level 2 spell: Swiftness
 15727 | Lair:4   | Found a hole to the Spider Nest.
 16207 | Lair:5   | Found a labyrinth entrance.
 16235 | Lair:5   | You fall through a shaft!
 16236 | Lair:6   | fake lab and shaft
 16236 | Lair:6   | i love this game
 17086 | Lair:8   | Entered Level 8 of the Lair of Beasts
 17153 | Lair:8   | Got an ichor-stained ring mail
 17154 | Lair:8   | Identified the +5 ring mail of the Gloaming {rElec} (You found it on level 8 of the Lair of Beasts)
 17261 | Lair:8   | Reached skill level 10 in Dodging
 17336 | Lair:8   | Got a heavily jewelled robe
 17337 | Lair:8   | jacquesderrida: Got overwhelmed with meme
 17347 | Lair:8   | Identified the +2 robe "Fisiniaj" {rPois rC- Int+7} (You found it on level 8 of the Lair of Beasts)
 17362 | Lair:8   | Found a staircase to the Slime Pits.
 17574 | Lair:8   | 4thArraOfDagon: unverwhelmed sry man
 18369 | Elf:1    | Entered Level 1 of the Elven Halls
 18395 | Elf:1    | Reached XP level 15. HP: 113/128 MP: 28/28
 18473 | Elf:1    | jacquesderrida: don't overcook your meme
 18803 | Elf:1    | Reached skill level 15 in Long Blades
 19390 | Elf:3    | Entered Level 3 of the Elven Halls
 19895 | Elf:3    | Found a portal to a secret trove of treasure.
 20367 | D:12     | Bought a scorched ice dragon armour for 1755 gold pieces
 20379 | D:12     | Identified the +6 ice dragon armour of Cueteg {rF- rC++ MR+ Slay+3} (You bought it in a shop on level 12 of the Dungeon)
 21029 | Elf:3    | Reached XP level 16. HP: 119/135 MP: 29/29
 21667 | Elf:3    | Noticed a deep elf blademaster
 21699 | Elf:3    | Killed a deep elf blademaster
 21768 | Elf:3    | Noticed a deep elf blademaster
 21800 | Elf:3    | Killed a deep elf blademaster
 21818 | Elf:3    | Got a faintly glowing falchion {vamp}
 21860 | Elf:3    | Identified the +9 falchion of the Harvest {vamp, rF++ MR+ Str-5 Int+2} (You took it off a deep elf demonologist on level 3 of the Elven Halls)
 21892 | Elf:3    | Identified the Tome of Scorching Battle Magic
 22002 | Elf:3    | Noticed a deep elf master archer
 22387 | Elf:3    | HP: 2/135 [deep elf master archer/arrow (22)]
 22434 | Elf:3    | Drew Focus: Int increased to 22, Str decreased to 13
 22659 | Elf:3    | jacquesderrida: hi
 22669 | Elf:3    | jacquesderrida: I am back with meme
 23076 | Elf:3    | Gained mutation: You can translocate small distances at will. [helix card]
 23275 | Elf:3    | Killed a deep elf master archer
 23447 | Elf:3    | Identified the Compendium of the Glacier and Stolen Souls (You found it on level 3 of the Elven Halls)
 23642 | Elf:2    | Reached skill level 1 in Shields
 23840 | D:12     | Bought a book of Necromancy for 450 gold pieces
 23844 | D:12     | Learned a level 3 spell: Regeneration
 24102 | Swamp:1  | Entered Level 1 of the Swamp
 24234 | Swamp:2  | Got a fine scale mail
 24269 | Swamp:3  | Reached skill level 1 in Necromancy
 24322 | Swamp:4  | Entered Level 4 of the Swamp
 24331 | Swamp:4  | Noticed a tentacled monstrosity
 24344 | Swamp:4  | Reached skill level 1 in Charms
 24365 | Swamp:4  | HP: 6/135 [spriggan druid/angry trees (11)]
 24434 | Swamp:4  | Noticed a tentacled monstrosity
 24467 | Swamp:4  | Killed a tentacled monstrosity
 24467 | Swamp:4  | Reached XP level 17. HP: 78/141 MP: 30/30
 24638 | Swamp:4  | Got a decaying rune of Zot
 24881 | Swamp:4  | Hired Gaef the naga for 145 gold.
 24898 | Swamp:4  | Your ally Gaef died
 25157 | Spider:1 | Entered Level 1 of the Spider Nest
 25370 | Spider:1 | Reached skill level 5 in Shields
 25777 | Spider:2 | Identified the cursed +0 scale mail of Agoraphobia {rC+ Regen+} (You found it on level 2 of the Swamp)
 25962 | Spider:2 | Reached skill level 5 in Charms
 25967 | Spider:2 | Reached skill level 5 in Necromancy
 26274 | Spider:4 | Entered Level 4 of the Spider Nest
 27282 | Spider:4 | Noticed Norris
 27338 | Spider:4 | Killed Norris
 27474 | Spider:4 | Reached XP level 18. HP: 145/149 MP: 32/32
 27516 | Spider:4 | jacquesderrida: hi
 27532 | Spider:4 | jacquesderrida: Is this the time for spider meme
 27669 | Spider:4 | Got a gossamer rune of Zot
 27680 | Spider:4 | 4thArraOfDagon: ja!
 27754 | Spider:4 | Noticed Mara
 27776 | Spider:4 | Noticed 4thArraOfDagon's illusion
 27797 | Spider:4 | AI
 28273 | Slime:1  | Entered Level 1 of the Pits of Slime
 28666 | Slime:5  | Found a viscous altar of Jiyva.
 29328 | Slime:5  | Gained mutation: You are resistant to electric shocks. [a shining eye]
 29330 | Slime:5  | Gained mutation: Armour fits poorly on your strangely shaped body. [a shining eye]
 29330 | Slime:5  | Gained mutation: You are dopey. (Int -2) [a shining eye]
 29357 | Slime:5  | Gained mutation: You are clumsy. (Dex -2) [a shining eye]
 29458 | Slime:6  | Entered Level 6 of the Pits of Slime
 30086 | Slime:6  | Noticed the Royal Jelly
 30213 | Slime:6  | Killed the Royal Jelly
 30251 | Slime:6  | Reached XP level 19. HP: 156/156 MP: 26/36
 30319 | Slime:6  | Gained mutation: You are frail (-10% HP). [mutagenic glow]
 30342 | Slime:6  | Drew Focus: Int increased to 23, Str decreased to 14
 30343 | Slime:6  | Gained mutation: You evolve. [helix card]
 30386 | Slime:6  | Learned a level 8 spell: Controlled Blink
 30387 | Slime:6  | Lost mutation: You are dopey. (Int -2) [potion of cure mutation]
 30387 | Slime:6  | Lost mutation: You are clumsy. (Dex -2) [potion of cure mutation]
 30387 | Slime:6  | Lost mutation: You are frail (-10% HP). [potion of cure mutation]
 30387 | Slime:6  | Lost mutation: You can translocate small distances at will. [potion of cure mutation]
 30425 | Slime:6  | Identified the Almanac of Necromancy (You found it on level 6 of the Pits of Slime)
 30429 | Slime:6  | Learned a level 2 spell: Sublimation of Blood
 30431 | Slime:6  | Got a slimy rune of Zot
 30528 | Slime:2  | Gained mutation: Potions and wands are less effective at restoring your health. [a shining eye]
 30530 | Slime:1  | Lost mutation: You evolve. [potion of cure mutation]
 30530 | Slime:1  | Lost mutation: Armour fits poorly on your strangely shaped body. [potion of cure mutation]
 30530 | Slime:1  | Lost mutation: Potions and wands are less effective at restoring your health. [potion of cure mutation]
 31042 | Vaults:1 | Entered Level 1 of the Vaults
 31209 | Vaults:1 | jacquesderrida: memes tigtly locked in vaults
 31335 | Vaults:1 | Found Toraam's Food Emporium.
 31409 | Vaults:1 | 4thArraOfDagon: did we get through slime meme already
 31641 | Vaults:1 | Gained mutation: You are clumsy. (Dex -2) [a shining eye]
 31847 | Vaults:2 | Noticed Sojobo
 31919 | Vaults:1 | Killed Sojobo
 31919 | Vaults:1 | Reached skill level 10 in Charms
 32451 | Vaults:2 | 4thArraOfDagon: DJOKOVIC
 32451 | Vaults:2 | 4thArraOfDagon: IS PLAYING
 32451 | Vaults:2 | 4thArraOfDagon: Sorry
 33128 | Vaults:2 | Found a staircase to the Crypt.
 33329 | Vaults:3 | Reached skill level 15 in Armour
 33681 | Vaults:3 | jacquesderrida: Nice memes mayne
 33715 | Vaults:3 | jacquesderrida: How likely is that one of the onans is vider
 33742 | Vaults:3 | jacquesderrida: I think it's a little over 100%!!!!!
 34241 | Vaults:4 | Found Xumyrphot's Assorted Antiques.
 34279 | Vaults:4 | Reached XP level 20. HP: 164/164 MP: 35/37
 34337 | Vaults:4 | Found Faxkefu's Assorted Antiques.
 35365 | Vaults:4 | Found Yrovuon's Weapon Boutique.
 35365 | Vaults:4 | Found Cemnianiat's Antique Armour Shoppe.
 35410 | Vaults:4 | Found Jupsulas's Book Shoppe.
 35456 | Vaults:5 | Entered Level 5 of the Vaults
 36242 | Vaults:5 | Got an ancient bronze ring
 36324 | Vaults:5 | Noticed an ancient lich
 36501 | Vaults:5 | Identified the ring "Utsec" {Fragile +Inv MR+ Int+2 Stlth-} (You took it off a deep elf death mage on level 5 of the Vaults)
 36514 | Vaults:5 | Learned a level 2 spell: Repel Missiles
 36653 | Vaults:5 | Reached XP level 21. HP: 170/170 MP: 36/38
 36804 | Vaults:5 | Reached skill level 1 in Hexes
 36853 | Vaults:5 | Got a steaming glass ring
 36855 | Vaults:5 | Identified the ring of Fabruror {Fire *Contam rElec Str+4 Slay+2} (You took it off an ironheart preserver on level 5 of the Vaults)
 37083 | Vaults:5 | Hired Zepaan the naga for 159 gold.
 37091 | Vaults:5 | Your ally Zepaan died
 37606 | Vaults:5 | Reached skill level 5 in Hexes
 37621 | Vaults:5 | Reached skill level 15 in Dodging
 37733 | Vaults:5 | Got a wavering bronze ring
 37734 | Vaults:5 | Identified the ring "Imuivy" {SustAt *Drain rPois Dex+7} (You found it on level 5 of the Vaults)
 37743 | Vaults:5 | Got a dazzling cloak
 37745 | Vaults:5 | Got a silver rune of Zot
 37764 | Vaults:5 | Identified the +0 cloak "Maaruath" {rF+ rCorr} (You found it on level 5 of the Vaults)
 37845 | Vaults:5 | yokelz: whats up guis
 37921 | Vaults:5 | jacquesderrida: yolkzer
 37942 | Vaults:5 | jacquesderrida: We are memeing
 37961 | Vaults:5 | jacquesderrida: Do you want a meme mayne
 37961 | Vaults:5 | Killed an ancient lich
 37967 | Vaults:5 | yokelz: memes 24/7/365
 38063 | Vaults:5 | Identified Vehumet's Tome of Fiery Attacks (You found it on level 5 of the Vaults)
 38452 | Vaults:5 | Gained mutation: You occasionally shout uncontrollably at your foes. [potion of mutation]
 38452 | Vaults:5 | Lost mutation: You are clumsy. (Dex -2) [potion of mutation]
 38452 | Vaults:5 | Gained mutation: You can translocate small distances at will. [potion of mutation]
 38475 | Vaults:5 | 4thArraOfDagon: memeland?
 38475 | Vaults:5 | 4thArraOfDagon: wtf
 38684 | Depths:1 | Entered Level 1 of the Depths
 38691 | Depths:1 | Noticed a juggernaut
 38735 | Depths:1 | Killed a juggernaut
 38837 | Depths:1 | Found a flickering gateway to a bazaar.
 38870 | Depths:1 | Noticed Asterion
 38870 | Bazaar   | Entered a bazaar
 38884 | Bazaar   | Found Yteone's Antique Armour Shoppe.
 38884 | Bazaar   | Found Ejyn's Gadget Emporium.
 38905 | Bazaar   | Found Zeysm's Antique Armour Shoppe.
 38920 | Bazaar   | Found Erap's Jewellery Shoppe.
 38920 | Bazaar   | Found Wentush's Distillery.
 38936 | Bazaar   | Bought a potion of agility for 48 gold pieces
 38936 | Bazaar   | Bought a potion of curing for 36 gold pieces
 38936 | Bazaar   | Bought a potion of agility for 48 gold pieces
 38936 | Bazaar   | Bought a potion of curing for 36 gold pieces
 38936 | Bazaar   | Bought a potion of cure mutation for 300 gold pieces
 38936 | Bazaar   | Bought a potion of cure mutation for 300 gold pieces
 38936 | Bazaar   | Lost mutation: You occasionally shout uncontrollably at your foes. [helix card]
 38936 | Bazaar   | Gained mutation: You are partially covered in thin metallic scales (AC +2). [helix card]
 38941 | Bazaar   | Drew Focus: Int increased to 24, Str decreased to 15
 38944 | Bazaar   | Drew Focus: Int increased to 25, Str decreased to 14
 39004 | Depths:1 | Killed Asterion
 39226 | Depths:1 | Noticed Jorgrun
 39254 | Depths:1 | Killed Jorgrun
 39325 | Depths:1 | Identified the Compendium of Unholy Magic (You found it on level 1 of the Depths)
 39458 | Depths:1 | Found Dar Petisoy's Weapon Shoppe.
 39497 | Depths:1 | Found Lointiph's Gadget Emporium.
 39504 | Depths:1 | Bought a wand of hasting (4/9) for 528 gold pieces
 39512 | Depths:1 | Drew Focus: Int increased to 26, Str decreased to 13
 39537 | Depths:1 | Reached skill level 10 in Hexes
 39560 | Depths:1 | Found Qytepif's Food Boutique.
 40249 | Depths:2 | Reached XP level 22. HP: 177/179 MP: 39/39
 40324 | Depths:2 | jacquesderrida: say hello to my little meme
 40377 | Depths:2 | Reached skill level 10 in Shields
 40547 | Depths:2 | Reached skill level 1 in Air Magic
 40690 | Depths:2 | Got a pitted ring mail
 40691 | Depths:2 | Identified the +5 ring mail "Eguqac" {rElec Regen+} (You found it on level 2 of the Depths)
 40696 | Depths:2 | Got a smoking scale mail
 40772 | Depths:2 | Found a gateway to Hell.
 40786 | Depths:2 | Found a gateway to a ziggurat.
 40805 | Depths:2 | Identified the +0 scale mail of Midnight {Str+8 Int+2} (You found it on level 2 of the Depths)
 40843 | Zig:1    | Entered Level 1 of a ziggurat
 40853 | Zig:2    | Entered Level 2 of a ziggurat
 40868 | Zig:2    | Got a steaming granite ring
 40870 | Zig:3    | Entered Level 3 of a ziggurat
 40871 | Zig:3    | Noticed Rienaefi the pandemonium lord
 41051 | Depths:3 | Noticed Wiglaf
 41107 | Depths:4 | Found a sparkling altar of Nemelex Xobeh.
 41205 | Depths:4 | Noticed an iron giant
 41244 | Depths:5 | Entered Level 5 of the Depths
 41463 | Depths:5 | Identified the ring of Mopsiod {Int+4 Dex+3} (You found it on level 2 of a ziggurat)
 41570 | Depths:5 | Reached skill level 5 in Air Magic
 41662 | Depths:5 | Found a one-way gate to the infinite horrors of the Abyss.
 41664 | Depths:5 | Noticed a juggernaut
 41713 | Depths:5 | Killed a juggernaut
 41921 | Depths:5 | HP: 8/179 [something (2)]
 42014 | Depths:4 | Noticed Pikaro's ghost (veteran OgWn)
 42047 | Depths:4 | Killed Pikaro's ghost
 42239 | Depths:2 | You fall through a shaft for 2 floors!
 42328 | Depths:4 | Noticed a caustic shrike
 42351 | Depths:4 | Killed a caustic shrike
 42372 | Depths:4 | Noticed a caustic shrike
 42400 | Depths:4 | Killed a caustic shrike
 42447 | Depths:4 | Found a one-way gate leading to the halls of Pandemonium.
 42562 | Depths:4 | Noticed a caustic shrike
 42588 | Depths:4 | Killed a caustic shrike
 42631 | Depths:4 | Killed an iron giant
 42915 | Depths:4 | Gained mutation: Your spells are a little easier to cast, but a little less powerful. [a shining eye]
 43111 | Depths:3 | Reached XP level 23. HP: 173/185 MP: 32/40
 43322 | Depths:3 | Reached skill level 15 in Shields
 43790 | Depths:3 | Noticed a juggernaut
 43919 | Depths:3 | Killed a juggernaut
 44021 | Depths:3 | Noticed the Enchantress
 44103 | Depths:3 | Reached skill level 5 in Translocations
 44225 | Depths:3 | Killed the Enchantress
 44235 | Depths:3 | Got a faerie dragon armour
 44259 | Depths:3 | Identified the +1 faerie dragon armour {MR+} (You took it off the Enchantress on level 3 of the Depths)
 44434 | Depths:3 | Got a bloodstained plate armour
 44707 | Depths:3 | Killed Wiglaf
 44844 | Depths:5 | HP: 6/185 [something (4)]
 44875 | Depths:5 | Identified the cursed +0 plate armour of Negation {rPois} (You found it on level 3 of the Depths)
 45219 | Depths:5 | Found a gate to the Realm of Zot.
 45245 | Zot:1    | Entered Level 1 of the Realm of Zot
 45686 | Zot:1    | Reached skill level 10 in Translocations
 46498 | Zot:2    | Reached XP level 24. HP: 192/192 MP: 40/40
 47657 | Zot:5    | Entered Level 5 of the Realm of Zot
 47799 | Zot:5    | Reached skill level 15 in Translocations
 48348 | Zot:4    | Got a crude plate armour
 48349 | Zot:4    | Identified the +7 plate armour "Raeclun" {Str+2} (You found it on level 4 of the Realm of Zot)
 48489 | Zot:3    | Got a coiled turquoise ring
 48610 | Zot:3    | Identified the ring of Rearonko {rN+ Dex+2} (You found it on level 3 of the Realm of Zot)
 49843 | Crypt:1  | Entered Level 1 of the Crypt
 49885 | Vaults:2 | Reached XP level 25. HP: 199/199 MP: 40/40
 50774 | Crypt:1  | jacquesderrida: Are you memeing me?
 50791 | Crypt:2  | jacquesderrida: You, memeing me?
 50807 | Crypt:2  | 4thArraOfDagon: nope
 50807 | Crypt:2  | 4thArraOfDagon: :(
 50807 | Crypt:2  | 4thArraOfDagon: youa re meme-free atm
 50857 | Crypt:2  | jacquesderrida: Who? There is no one behind me. Are you memeing me?!
 50893 | Crypt:2  | jacquesderrida: bang bang
 50943 | Crypt:2  | jacquesderrida: travis kills the memer
 50971 | Crypt:3  | Entered Level 3 of the Crypt
 50972 | Crypt:3  | jacquesderrida: the end of meme
 51802 | Crypt:3  | Found a basalt altar of Yredelemnul.
 51838 | Crypt:3  | Reached skill level 10 in Spellcasting
 51955 | Crypt:3  | Learned a level 8 spell: Death's Door
 51993 | Crypt:3  | Identified the Disquisition on Lucky Unholy Secrets (You found it on level 3 of the Crypt)
 52592 | Crypt:3  | Found a staircase to the Tomb.
 52604 | Tomb:1   | Entered Level 1 of the Tomb of the Ancients
 52700 | Tomb:1   | Gained mutation: You have sharp toenails. [mutagenic glow]
 52983 | Tomb:1   | Noticed an ancient lich
 53019 | Tomb:1   | Killed an ancient lich
 53110 | Tomb:1   | Noticed a greater mummy
 53169 | Tomb:1   | Killed a greater mummy
 53254 | Tomb:1   | Noticed a greater mummy
 53271 | Tomb:1   | Killed a greater mummy
 53295 | Tomb:1   | Noticed a greater mummy
 53331 | Tomb:1   | Killed a greater mummy
 53478 | Tomb:2   | Noticed a greater mummy
 53478 | Tomb:2   | Noticed a greater mummy
 53522 | Tomb:2   | Noticed a greater mummy
 53524 | Tomb:2   | Noticed a greater mummy
 53732 | Tomb:1   | Reached XP level 26. HP: 202/202 MP: 40/46
 53795 | Tomb:1   | Killed a greater mummy
 53878 | Tomb:1   | Killed a greater mummy
 53973 | Tomb:1   | Killed a greater mummy
 54033 | Tomb:1   | Killed a greater mummy
 54511 | Tomb:1   | Noticed a greater mummy
 54516 | Tomb:1   | Noticed a greater mummy
 54617 | Tomb:2   | Killed a greater mummy
 54617 | Tomb:2   | Reached skill level 15 in Spellcasting
 54661 | Tomb:1   | Killed a greater mummy
 54685 | Tomb:1   | Noticed a greater mummy
 54714 | Tomb:1   | Killed a greater mummy
 54724 | Tomb:1   | Noticed a greater mummy
 54758 | Tomb:1   | Killed a greater mummy
 54789 | Tomb:1   | Noticed a greater mummy
 54792 | Tomb:1   | Noticed a greater mummy
 54816 | Tomb:1   | Killed a greater mummy
 54831 | Tomb:1   | Noticed a greater mummy
 54865 | Tomb:1   | Killed a greater mummy
 54894 | Tomb:1   | Killed a greater mummy
 54902 | Tomb:1   | Noticed a greater mummy
 54928 | Tomb:1   | Killed a greater mummy
 54946 | Tomb:1   | Noticed a greater mummy
 54976 | Tomb:1   | Killed a greater mummy
 55003 | Tomb:1   | Noticed a greater mummy
 55031 | Tomb:1   | Killed a greater mummy
 55158 | Tomb:1   | Noticed a greater mummy
 55182 | Tomb:1   | Killed a greater mummy
 55184 | Tomb:1   | Noticed a greater mummy
 55186 | Tomb:1   | Noticed a greater mummy
 55193 | Tomb:1   | Noticed a greater mummy
 55203 | Tomb:1   | Killed a greater mummy
 55211 | Tomb:1   | Noticed a greater mummy
 55211 | Tomb:1   | Noticed a greater mummy
 55211 | Tomb:1   | Noticed a greater mummy
 55211 | Tomb:1   | Noticed a greater mummy
 55447 | Tomb:1   | Killed a greater mummy
 55519 | Tomb:1   | Noticed a greater mummy
 55541 | Tomb:1   | Killed a greater mummy
 55558 | Tomb:1   | Killed a greater mummy
 55590 | Tomb:1   | Killed a greater mummy
 55640 | Tomb:1   | Noticed a greater mummy
 55659 | Tomb:1   | Killed a greater mummy
 55692 | Tomb:1   | Noticed a greater mummy
 55721 | Tomb:1   | Killed a greater mummy
 55728 | Tomb:1   | Reached skill level 15 in Fighting
 55764 | Tomb:1   | Killed a greater mummy
 55783 | Tomb:1   | Killed a greater mummy
 55829 | Tomb:1   | Killed a greater mummy
 55853 | Tomb:1   | Noticed a greater mummy
 55884 | Tomb:1   | Killed a greater mummy
 56002 | Tomb:3   | Entered Level 3 of the Tomb of the Ancients
 56216 | Tomb:2   | Reached XP level 27. HP: 128/222 MP: 47/48
 56225 | Tomb:3   | Noticed an ancient lich
 56381 | Tomb:2   | Killed an ancient lich
 57230 | Tomb:3   | Noticed an ancient lich
 57253 | Tomb:3   | Killed an ancient lich
 57640 | Tomb:3   | Got a golden rune of Zot
 57696 | Tomb:3   | timbw: what amulet is that
 57710 | Tomb:3   | timbw: k
 57712 | Tomb:3   | Identified the Volume of Darkness and Transmigration (You found it on level 3 of the Tomb of the Ancients)
 57737 | Tomb:3   | Got a twisted bardiche
 57738 | Tomb:3   | Identified the +3 bardiche "Dilesm" {holy, MP+9 Dex+4 SInv} (You found it on level 3 of the Tomb of the Ancients)
 57747 | Tomb:3   | 4thArraOfDagon: hi
 58675 | Pan      | Entered Pandemonium
 58875 | Pan      | Gained mutation: Armour fits poorly on your strangely shaped body. [a neqoxec]
 58933 | Pan      | Noticed Xiohaji the pandemonium lord
 58979 | Pan      | Killed Xiohaji the pandemonium lord
 59073 | Pan      | Found a huge runed gate.
 59073 | Pan      | Found a huge runed gate.
 59073 | Pan      | Found a huge runed gate.
 59073 | Pan      | Found a huge runed gate.
 59073 | Pan      | Found a huge runed gate.
 59073 | Pan      | Found a huge runed gate.
 59073 | Pan      | Found a huge runed gate.
 59073 | Pan      | Found a huge runed gate.
 59073 | Pan      | Found a huge runed gate.
 59073 | Pan      | Found a huge runed gate.
 59073 | Pan      | Found a huge runed gate.
 59073 | Pan      | Found a huge runed gate.
 59073 | Pan      | Found a huge runed gate.
 59073 | Pan      | Found a huge runed gate.
 59073 | Pan      | Found a huge runed gate.
 59158 | Pan      | Found an exit through the horrors of the Abyss.
 59176 | Pan      | Took an exit into the Abyss.
 59176 | Abyss:1  | Escaped into the Abyss
 59207 | Depths:3 | Escaped the Abyss
 59209 | Pan      | Entered Pandemonium
 59236 | Pan      | Found an exit through the horrors of the Abyss.
 59261 | Pan      | Noticed Mennas
 59278 | Pan      | Killed Mennas
 59454 | Pan      | Found an exit through the horrors of the Abyss.
 59463 | Pan      | Took an exit into the Abyss.
 59463 | Abyss:1  | Escaped into the Abyss
 59463 | Abyss:1  | Found a corrupted altar of Lugonu.
 59495 | Depths:3 | Escaped the Abyss
 59518 | Pan      | Entered Pandemonium
 59629 | Pan      | Gained mutation: You are clumsy. (Dex -2) [a cacodemon]
 59771 | Pan      | Found an exit through the horrors of the Abyss.
 59805 | Pan      | Took an exit into the Abyss.
 59805 | Abyss:1  | Escaped into the Abyss
 60123 | Abyss:3  | Found an oddly glowing altar of Pakellas.
 60286 | Abyss:5  | Entered Level 5 of the Abyss
 60370 | Depths:3 | Escaped the Abyss
 60372 | Pan      | Entered Pandemonium
 60380 | Pan      | Entered the realm of Lom Lobon.
 60476 | Pan      | Noticed Lom Lobon
 60495 | Pan      | Got a magical rune of Zot
 60700 | Pan      | Noticed Uletwirr the pandemonium lord
 60728 | Pan      | Killed Uletwirr the pandemonium lord
 60756 | Pan      | Got a demonic rune of Zot
 60768 | Pan      | Found an exit through the horrors of the Abyss.
 60777 | Pan      | Gained mutation: Your body sometimes deteriorates upon taking damage. [a cacodemon]
 60792 | Pan      | Took an exit into the Abyss.
 60792 | Abyss:1  | Escaped into the Abyss
 60792 | Abyss:1  | Found a roughly hewn altar of Beogh.
 60932 | Abyss:1  | Lost mutation: Armour fits poorly on your strangely shaped body. [a neqoxec]
 61217 | Abyss:1  | Gained mutation: You are frail (-10% HP). [a neqoxec]
 61218 | Abyss:1  | Gained mutation: Your body often deteriorates upon taking damage. [a neqoxec]
 61245 | Abyss:1  | Reached skill level 15 in Charms
 61261 | Depths:3 | Escaped the Abyss
 61264 | Pan      | Entered the realm of Gloorx Vloq.
 61264 | Pan      | Entered Pandemonium
 61352 | Pan      | Found an exit through the horrors of the Abyss.
 61368 | Pan      | Gained mutation: Scrolls take you a little longer to read. [mutagenic glow]
 61382 | Pan      | Lost mutation: Your body often deteriorates upon taking damage. [potion of cure mutation]
 61382 | Pan      | Lost mutation: You are frail (-10% HP). [potion of cure mutation]
 61382 | Pan      | Lost mutation: Scrolls take you a little longer to read. [potion of cure mutation]
 61382 | Pan      | Lost mutation: You can translocate small distances at will. [potion of cure mutation]
 61704 | Pan      | Reached skill level 10 in Necromancy
 61768 | Pan      | Noticed Gloorx Vloq
 61786 | Pan      | Got a dark rune of Zot
 61899 | Pan      | Entered the realm of Mnoleg.
 61899 | Pan      | Noticed Gloorx Vloq
 61971 | Pan      | Gained mutation: You have a pair of small horns on your head. [a neqoxec]
 62020 | Pan      | Gained mutation: You are dopey. (Int -2) [a neqoxec]
 62153 | Pan      | Noticed Mnoleg
 62164 | Pan      | Gained mutation: Scrolls take you a little longer to read. [a shining eye]
 62172 | Pan      | Got a glowing rune of Zot
 62179 | Pan      | Gained mutation: Armour fits poorly on your strangely shaped body. [a cacodemon]
 62180 | Pan      | Gained mutation: You are occasionally teleported next to monsters. [a neqoxec]
 62181 | Pan      | Gained mutation: You are weak. (Str -2) [a neqoxec]
 62331 | Pan      | Noticed Aficsoj the pandemonium lord
 62459 | Pan      | Gained mutation: You are very clumsy. (Dex -4) [a neqoxec]
 62473 | Pan      | Entered the realm of Cerebov.
 62959 | Pan      | Noticed Cerebov
 62976 | Pan      | Got a fiery rune of Zot
 63011 | Pan      | Got a pair of encrusted gloves
 63014 | Pan      | Identified the +2 pair of gloves of the Bulwark {rPois} (You found it in Pandemonium)
 63118 | Depths:3 | Escaped Pandemonium
 63158 | Hell     | Entered the Vestibule of Hell
 63158 | Hell     | Noticed Geryon
 63171 | Hell     | Found a gateway to the Iron City of Dis.
 63181 | Dis:1    | Entered Level 1 of the Iron City of Dis
 63327 | Dis:2    | Lost mutation: Your body sometimes deteriorates upon taking damage. [potion of cure mutation]
 63327 | Dis:2    | Lost mutation: You have a pair of small horns on your head. [potion of cure mutation]
 63327 | Dis:2    | Lost mutation: Your spells are a little easier to cast, but a little less powerful. [potion of cure mutation]
 63327 | Dis:2    | Lost mutation: Scrolls take you a little longer to read. [potion of cure mutation]
 63763 | Dis:3    | You fall through a shaft for 3 floors!
 63771 | Dis:7    | Entered Level 7 of the Iron City of Dis
 63875 | Dis:7    | Gained mutation: Scrolls take you a little longer to read. [a cacodemon]
 63887 | Dis:7    | Gained mutation: You are very dopey. (Int -4) [a cacodemon]
 63930 | Dis:7    | Gained mutation: You expend magic power (3 MP) to strengthen your wands. [a cacodemon]
 64483 | Dis:7    | Thrown by an iron giant

Vault maps used:
D:1:      tarquinn_simple_flora_water_b, corexii_item_surrounded_by_moat,
          minmay_misc_feat_diagonals, tso_metal_star
D:2:      kennysheep_ying_yang, ashenzari_altar_1, uniq_terence, uniq_robin,
          uniq_natasha, uniq_sigmund
D:3:      overflow_temple_1_default, st_stairs_3, grunt_ministairs_2
D:4:      corexii_shantytown, first_bread
D:5:      minmay_temple_entry_crystal_x, wad_floor_pattern_2,
          grunt_gozag_breadcrumbs
D:6:      fiery_altar_vehumet, zin_scriptorium, gammafunk_temple_overflow_claw,
          serial_shops, shop, shop, nicolae_shop_stone, kennysheep_mini
D:7:      kennysheep_mini_moat, minitemple, grunt_livestock, uniq_pikel
D:8:      kennysheep_windowed_halls, uniq_grum, uniq_maurice, uniq_joseph
D:9:      special_room, serial_shops, shop_fountains, uniq_psyche
D:10:     lair_0_dummy, kennysheep_generic_room_16
D:11:     hiddenorc2_lemuel, nicolae_ru_the_path_less_chosen
D:12:     serial_shops, nicolae_shop_statue_plus, shop_coins, shop,
          nicolae_shop_temple_entry_statues_fountains, kennysheep_little_box,
          minivault_16
D:13:     hangedman_vaults_entry_quadrant_bands
D:14:     hangedman_abyss_or_decor_lesser_grid, uniq_maud, uniq_roxanne
D:15:     gammafunk_depths_entry_grave, hangedman_decor_push
Lair:1:   st_stairs_7, columned_hall_lemuel, grunt_megastairs_3
Lair:2:   kennysheep_rathole, uniq_urug
Lair:3:   minmay_swamp_entry_eels, portal_ice_cave_entry_ice_beasts,
          grunt_forest_large_clearings, uniq_gastronok
Lair:4:   nicolae_spider_entry_non_spiders, st_stairs_6
Lair:5:   lab_entry_generic, minivault_11, minmay_holes
Lair:6:   kilobyte_rumbling_trees, grunt_megastairs_1
Lair:7:   eino_small_chamber_without_monster, grunt_forest_large_clearing_hut
Lair:8:   grunt_lair_end_beastmaster, nicolae_slime_entry_slimehenge,
          lemuel_fruit_tree
Swamp:1:  serial_swamp_ruin, evilmike_swamp_ruin_house_1,
          evilmike_swamp_ruin_house_3, evilmike_swamp_ruin_house_2
Swamp:2:  evilmike_swamp_ruin_house_4, roderic_carrion_pond
Swamp:3:  nicolae_swamp_triple_paths
Swamp:4:  swamp_vile, infiniplex_staircase_pool_2
Spider:3: nicolae_spider_cling_halls
Spider:4: floodkiller_spider_rune_tomb, uniq_mara, uniq_norris
Slime:2:  nicolae_slime_phagocytosis
Slime:5:  basic_altar
Orc:1:    serial_shops, nicolae_shop_stone
Orc:2:    pubby_orc_utopia
Elf:1:    kennysheep_underground_church
Elf:3:    minmay_elf_hall_golems, nicolae_trove_entry_path_of_doom,
          serial_sigils_hangedman_carve, dk_noncrumbling_4,
          lemuel_flamethrower_2
Vaults:1: v_misc_22, nicolae_vaults_little_squares_1, grunt_vaults_bifocal,
          nicolae_vaults_twisting_passages, nicolae_vaults_three_branches,
          ontoclasm_vaults_chip, hangedman_vaults_nails, serial_shops, shop
Vaults:2: dpeg_vaults_waves, hangedman_vaults_locks,
          ontoclasm_vaults_loading_screen, vaults_dpeg_cross,
          vaults_dpeg_spiral, v_misc_25, grunt_vaults_hallway_short,
          vaults_dpeg_encased_lava, minmay_crypt_entry_simple_corners,
          grunt_vaults_focal, nicolae_vaults_asterisk, uniq_sojobo
Vaults:3: nicolae_vaults_triangles, ontoclasm_vaults_idyll,
          hangedman_vaults_snaps, v_misc_14, st_lattice
Vaults:4: ontoclasm_vaults_gateway, nicolae_vaults_angled_halls,
          nicolae_vaults_display_case, v_rooms_5, v_misc_4, v_misc_12,
          nicolae_vaults_circle_grid_b, nicolae_vaults_asterisk,
          v_alt_pattern_6, hangedman_vaults_stagger, v_rooms_5,
          vaults_room_pool, nicolae_vaults_hallways_thing, v_misc_16,
          hangedman_vaults_impose, serial_shops, shop,
          nicolae_shop_overgrown_old_shop, nicolae_shop_waterfront, shop,
          nicolae_shop_stone
Crypt:1:  grunt_ministairs_10, grunt_crypt_arrival_split
Crypt:2:  st_shrine_of_skulls
Crypt:3:  evilmike_haunted_forest
Depths:1: nicolae_wwwww, serial_shops, bzr_entry_lakeside, shop,
          nicolae_shop_scaring_up_business, nicolae_shop_trees, pf_coc_iceberg,
          minmay_misc_feat_cross, hangedman_research_thanatology, firewood_loft,
          uniq_jorgrun, uniq_asterion
Depths:2: cheibrodos_leafed_vault, enter_ziggurat_a,
          serial_sigils_hangedman_writhe, grunt_pan_entry_sceptre, serial_bayou,
          serial_bayou_lagoon_a, serial_bayou_pond_e, serial_bayou_pond_b,
          serial_bayou_pond_b, hell_entry
Depths:3: gammafunk_depths_water_palace, lemuel_statue_altar,
          grunt_pan_entry_zigzag, hell_entry, infiniplex_staircase_zigzag_1,
          uniq_wiglaf
Depths:4: minmay_octo_star, abyss_entry, pan_entry,
          grunt_hell_entry_demonic_statue, nemelex_altar_shiori,
          infiniplex_staircase_door_maze, basic_stair_grate_trap
Depths:5: grunt_bruiser_brothers, minmay_room_of_horrors, hell_entry
Dis:1:    evilmike_ambush, grunt_megastairs_4
Dis:6:    hangedman_iron_city_apartments, hangedman_dis_chains,
          hangedman_player_shredder
Dis:7:    dis_st
Zot:1:    lemuel_draconian_sentries
Zot:2:    st_stairs_10
Zot:4:    hangedman_zot_vaults_quadrants, st_small_dragon_hoard_1
Zot:5:    st_stairs_7, bh_zot_ikea_curve
Abyss:1:  guppyfry_abyss_exit_imp_island
Abyss:3:  hangedman_abyss_monster_moat
Abyss:4:  nicolae_abyss_rune_star_stuff
Abyss:5:  evilmike_abyss_rune_seething_chaos, evilmike_abyss_exit_7
Pan:      evilmike_mini_pan_corner, evilmike_mini_pan_murderfest,
          evilmike_mini_pan_branches, reaverb_pan_squares, grunt_pan_sceptre,
          rand_demon_4, pan_blood_fountain_small, uniq_mennas_pan,
          lemuel_draining_boxes, nicolae_pan_cerebovesque_3, rand_demon_2,
          lom_lobon_st, grunt_pan_in_and_out, nicolae_pan_cerebovesque_1,
          grunt_pan_sceptre, uniq_lom_lobon, gloorx_vloq_grunt,
          pan_blood_fountain_small, nicolae_pan_gloorx_vloqian_2,
          mnoleg_grunt_wretched_star, uniq_gloorx_vloq,
          evilmike_mini_pan_possible_glass, pan_blood_fountain_small,
          uniq_mnoleg, nicolae_pan_lom_lobonic_3, reaverb_pan_figure_eight,
          evilmike_mini_pan_other_thingy, evilmike_cerebov_lava,
          nicolae_pan_mnolegish_1
Bazaar:   bazaar_short_row
IceCv:    ice_cave_small_demon

Skill      XL: |  1  2  3  4  5  6  7  8  9 10 11 12 13 14 15 16 17 18 19 20 21 22 23 24 25 26 27 |
---------------+----------------------------------------------------------------------------------+-----
Fighting       | 2 3 4 5 6 7 8 9 10 11 16 20 | 20.0
Armour         | 1 2 3 4 6 7 8 9 11 12 13 14 15 16 | 16.3
Polearms       | 2 3 4 |  4.9
Long Blades    | 2 5 6 8 9 10 11 13 14 17 18 19 20 | 20.0
Dodging        | 2 4 5 6 7 8 9 10 11 14 15 | 15.2
Evocations     | 3 4 6 7 |  7.1
Spellcasting   | 3 4 5 6 7 8 13 15 16 | 16.2
Translocations | 3 12 17 19 | 19.0
Shields        | 2 5 9 14 16 | 16.0
Necromancy     | 2 5 12 | 12.0
Charms         | 2 5 8 12 13 16 | 16.5
Hexes          | 11 | 11.9
Air Magic      | 5 |  5.3
Throwing       | |  0.8

Action                   |  1- 3 |  4- 6 |  7- 9 | 10-12 | 13-15 | 16-18 | 19-21 | 22-24 | 25-27 || total
-------------------------+-------+-------+-------+-------+-------+-------+-------+-------+-------++-------
Melee: Spear             |   201 |   253 |       |       |       |       |       |       |       ||   454
       Blowgun           |       |     1 |       |       |       |       |       |       |       ||     1
       Scimitar          |       |    80 |   357 |  1024 |  2255 |   188 |       |       |       ||  3904
       Scythe            |       |    22 |       |       |       |       |       |       |       ||    22
       Falchion          |       |       |       |       |       |  3232 |  4457 |  4544 |       || 12233
       Demon blade       |       |       |       |       |       |       |       |    38 |  6064 ||  6102
 Fire: Blowgun           |       |    26 |     6 |       |       |     9 |       |       |       ||    41
Throw: Tomahawk          |     2 |     2 |       |       |       |       |       |       |       ||     4
       Throwing net      |       |       |       |     4 |     8 |       |       |       |       ||    12
 Cast: Blink             |       |       |       |       |       |     2 |     3 |     4 |     2 ||    11
       Regeneration      |       |       |       |       |       |    43 |   166 |   197 |   284 ||   690
       Haste             |       |       |       |       |       |     3 |     4 |     5 |     9 ||    21
       Apportation       |       |       |       |       |       |       |     8 |     2 |    19 ||    29
       Repel Missiles    |       |       |       |       |       |       |     2 |    13 |     3 ||    18
       Silence           |       |       |       |       |       |       |       |     2 |    62 ||    64
       Passage of Golubr |       |       |       |       |       |       |       |     2 |     3 ||     5
       Controlled Blink  |       |       |       |       |       |       |       |       |    17 ||    17
Evoke: Wand              |       |       |       |    12 |    21 |    27 |     9 |     8 |     6 ||    83
       Deck              |       |       |       |     2 |     6 |     8 |    29 |       |       ||    45
       Phial of floods   |       |       |       |     2 |     1 |     2 |     1 |       |     1 ||     7
       Fan of gales      |       |       |       |       |     1 |     1 |       |       |       ||     2
       Box of beasts     |       |       |       |       |       |    10 |     2 |       |       ||    12
       Sack of spiders   |       |       |       |       |       |     6 |       |       |     2 ||     8
       Lamp of fire      |       |       |       |       |       |       |       |     2 |     2 ||     4
  Use: Scroll            |     2 |     3 |     8 |    15 |    15 |    15 |    12 |    16 |    14 ||   100
       Potion            |       |     3 |     2 |     3 |     2 |    22 |    10 |     7 |    17 ||    66
 Stab: Sleeping          |     2 |     1 |       |       |     8 |       |       |       |       ||    11
       Invisible         |       |       |     5 |       |       |       |       |       |       ||     5
       Held in net/web   |       |       |       |     1 |     7 |       |       |       |       ||     8
       Distracted        |       |       |       |       |     1 |     6 |     3 |       |     1 ||    11
       Petrified         |       |       |       |       |     1 |       |       |       |       ||     1
       Confused          |       |       |       |       |       |       |       |     1 |       ||     1
  Eat: Chunk             |     1 |     7 |    14 |    20 |    17 |     4 |    16 |    27 |     3 ||   109
       Fruit             |       |     1 |       |       |     2 |    11 |    10 |     5 |       ||    29
       Beef jerky        |       |       |       |     1 |     7 |     3 |     5 |     2 |     1 ||    19
       Royal jelly       |       |       |       |       |     3 |     1 |       |     1 |       ||     5
       Bread ration      |       |       |       |       |       |     3 |     1 |     4 |     8 ||    16
       Pizza             |       |       |       |       |       |    14 |       |     1 |     1 ||    16
       Meat ration       |       |       |       |       |       |       |     1 |       |     9 ||    10
